 Dungeon Crawl Stone Soup version 0.25.0-15-gac7dcb8 (webtiles) character file.

Game seed: 13679684308444187956

9235 vertexvortex the Slinger (level 11, -3/103 HPs)
             Began as a Human Ice Elementalist on June 28, 2020.
             Was a Priest of Hepliaklqana.
             Engulfed by a ghost crab's spectral mist (13 damage)
             ... in a Gauntlet on June 29, 2020.
             The game lasted 01:21:29 (11730 turns).

vertexvortex the Slinger (Human Ice Elementalist)  Turns: 11730, Time: 01:21:29

Health: -3/103     AC: 25    Str:  6    XL:     11   Next: 70%
Magic:  1/14       EV:  2    Int: 26    God:    Hepliaklqana [***...]
Gold:   397        SH:  5    Dex: 14    Spells: 2/14 levels left

rFire    . . .     SeeInvis +   Z - +2 demon blade (elec)
rCold    + . .     Gourm    .   D - +0 buckler
rNeg     + + +     Faith    .   (armour currently unavailable)
rPois    +         Spirit   .   (helmet currently unavailable)
rElec    .         Reflect  .   (cloak currently unavailable)
rCorr    .         Harm     .   (gloves currently unavailable)
MR       .....     NoTele   +   (boots currently unavailable)
Stlth    +++.......             o - amulet of magic regeneration
HPRegen  0.27/turn              E - ring "Putheh" {rF+ Slay+3}
MPRegen  0.39/turn              b - ring of Pugigusi {Ice *Corrode Str-3 Int+8 SInv}

@: tree-form, very slightly contaminated, lightly drained
A: reduced essence, frail 1
a: Recall Ancestor, Ancestor Identity, Transference, Renounce Religion


You were in a Gauntlet.
You worshipped Hepliaklqana.
Hepliaklqana was most pleased with you.
You were not hungry.
You were a tree.
You visited 2 branches of the dungeon, and saw 11 of its levels.
You also visited: Sewer and Gauntlet.

You collected 397 gold pieces.

Inventory:

Hand Weapons
 p - a +2 war axe of freezing
 s - a +1 vampiric dagger
 C - the +5 hunting sling of Xitonog {vorpal, Int+4}
   (You found it on level 6 of the Dungeon)

   Any stone fired from it inflicts extra damage.
   It affects your intelligence (+4).
 Z - a +2 demon blade of electrocution (weapon)
Missiles
 e - 383 stones (quivered)
 g - 78 sling bullets
 y - 5 boomerangs
 P - 8 poisoned darts
Armour
 a - a +0 robe (melded)
 k - a +2 helmet (melded)
 l - a scarf of resistance (melded)
 D - a +0 buckler (worn)
 F - a +0 cloak
 N - a +0 pair of boots (melded)
 O - a cursed +0 troll leather armour
 Y - a +1 pair of gloves (melded)
Magical Staves
 J - an uncursed staff of summoning {unknown}
Jewellery
 b - the ring of Pugigusi (right branch) {Ice *Corrode Str-3 Int+8 SInv}
   (You acquired it on level 1 of the Lair of Beasts)

   [ring of ice]

   It enhances your ice magic.
   It affects your strength (-3).
   It affects your intelligence (+8).
   It makes you vulnerable to fire.
   It protects you from cold.
   It lets you see invisible.
   It may corrode you when you take damage.
 d - an uncursed amulet of guardian spirit
 f - a +6 ring of strength
 o - an amulet of magic regeneration (around neck)
 E - the ring "Putheh" (left branch) {rF+ Slay+3}
   (You found it in a Gauntlet)

   [ring of protection from fire]

   It affects your accuracy and damage with ranged weapons and melee attacks
   (+3).
   It protects you from fire.
 G - the ring of Devankac {+Blink +Inv rPois rF++ Dex-4, unknown}
   (You found it in a Gauntlet)

   [ring of poison resistance]

   It affects your dexterity (-4).
   It greatly protects you from fire.
   It protects you from poison.
   It lets you turn invisible.
   It lets you blink.
 I - an uncursed ring of see invisible
Wands
 L - a wand of enslavement (10)
 M - a wand of polymorph (15)
 Q - a wand of digging (11)
Scrolls
 h - 4 scrolls of fear
 i - 2 scrolls of remove curse
 j - 2 scrolls of fog
 n - a scroll of acquirement
 r - 5 scrolls of magic mapping
 w - a scroll of blinking
 x - 2 scrolls of identify
 W - a scroll of enchant armour
Potions
 m - 2 potions of haste
 q - 2 potions of flight
 t - 2 potions of magic
 u - a potion of might
 v - 3 potions of brilliance
 z - 3 potions of curing
 A - 2 potions of cancellation
 H - a potion of invisibility {unknown}
 K - a potion of ambrosia
 S - a potion of stabbing
Comestibles
 c - 9 rations


   Skills:
 + Level 8.4(8.0) Fighting
 + Level 0.6(0.3) Long Blades
 - Level 0.9(0.6) Axes
 + Level 9.8(9.5) Slings
 - Level 2.0(1.7) Dodging
 - Level 4.9(4.6) Stealth
 * Level 4.8(4.4) Shields
 - Level 2.0(1.7) Spellcasting
 * Level 4.2(3.9) Conjurations
 - Level 4.6(4.2) Summonings
 * Level 4.2(3.9) Translocations
 - Level 5.7(5.4) Ice Magic
 - Level 4.1(3.8) Invocations


You had 2 spell levels left.
You knew the following spells:

 Your Spells              Type           Power        Failure   Level  Hunger
a - Freeze                Ice            ####         1%          1    #......
b - Frozen Ramparts       Ice            #####.       3%          3    ###....
c - Summon Ice Beast      Ice/Summ       #####...     14%         4    #####..
d - Iskenderun's Mystic   Conj/Tloc      ###.....     22%         4    #####..

Your spell library contained the following spells:

 Spells                   Type           Power        Failure   Level  Hunger
 Magic Dart               Conj           ###.         2%          1    #......
 Searing Ray              Conj           ###...       3%          2    ##.....
 Ozocubu's Armour         Chrm/Ice       ###.....     11%         3    ###....
 Dazzling Flash           Conj/Hex       ##....       14%         3    ###....
 Hailstorm                Conj/Ice       #####...     16%         4    #####..
 Fulminant Prism          Conj/Hex       ##........   43%         4    #####..


Dungeon Overview and Level Annotations

Branches:
Dungeon (9/15)             Temple (0/1) D:6            Lair (2/6) D:8
  Sewer (visited)         Gauntlet (1/1)
  Swamp: Lair:2-4    Shoals: Lair:2-4     Snake: Lair:2-4    Spider: Lair:2-4
    Orc: D:9-12

Altars:
Fedhas
Hepliaklqana
Kikubaaqudgha
Yredelemnul
Zin

Annotations:
Gauntlet 7 transporters


Innate Abilities, Weirdness & Mutations

Your life essence is reduced to manifest your ancestor. (-10% HP)
((You have sharp fingernails.))
((Armour fits poorly on your strangely shaped body.))
You are frail. (-10% HP)


Message History

Your branches feel numb with cold.
You resist.
* * * LOW HITPOINT WARNING * * *
The spectral deep elf mage fades away!
The ghost crab breathes spectral mist at you.
The spectral mist engulfs you but does no damage.
Casting: Summon Ice Beast (dangerous; 14% risk of failure)
Confirm with . or Enter, or press ? or * to list all spells.
You feel a surge of power! A chill wind blows around you.
You are engulfed in spectral mist.
* * * LOW HITPOINT WARNING * * *
The ghost crab bites your ice beast. The ghost crab claws your ice beast!
The ghost crab drains your ice beast.
You feel better.
You are engulfed in spectral mist.
* * * LOW HITPOINT WARNING * * *
The spectral tarantella bites you but does no damage.
The ghost crab bites your ice beast but does no damage.
The ghost crab claws your ice beast!
Your ice beast dies!
You feel better.
You are engulfed in spectral mist.
You die...

##≈.#8..©#....≈##
#≈≈.#########.≈≈#
##≈.#..#©#..#.≈##
##.#.#.#.#☼#.##
##≈.#.#.#☼#§#.≈##
#≈≈.#..#○#.☼#.≈≈#
##≈.#.#.#t#☼#.≈## ##
##.#.#.#☼#Z#.##
##≈###..#..#.#♣☼#.≈##
#≈≈≈#...#########.≈≈#
##...#...#8..©#....≈##
.....#.8.#©...#.8..##
###.8.#.⌠.#8..©#....≈##
...©.#.8.#########.≈≈#
#.8.#...##.#©#.##.≈##
#.©.#...#.#.#.#.#.##
#.8.#.8.##.#^#.##.≈##


You could see a ghost crab and a spectral tarantella (summoned).

Vanquished Creatures
  A sixfirhy (Gauntlet)
  A black mamba (Lair:1)
  An apocalypse crab (Gauntlet)
  2 spiny frogs (Lair:1)
  4 shadows (Gauntlet)
  4 yaks (Lair:1)
  2 porcupines
  2 ice beasts (D:7)
  3 ogres
  6 centaurs
  2 crocodiles
  3 bullfrogs
  7 big kobolds (D:8)
  2 killer bees (D:4)
  2 howler monkeys (D:8)
  A centaur zombie (D:7)
  3 crimson imps
  4 hounds
  3 orc priests
  2 bullfrog skeletons
  3 orc wizards
  2 worker ants
  A hound skeleton (D:4)
  A howler monkey zombie (D:5)
  11 gnolls
  3 river rats (Sewer)
  11 adders
  2 shadow imps
  An ooze (D:1)
  A worm (D:6)
  3 dart slugs (D:1)
  4 leopard geckos
  15 orcs
  7 bats
  11 giant cockroaches
  7 goblins
  6 hobgoblins
  8 jackals
  A quokka (D:2)
  10 ball pythons
  10 frilled lizards
  32 kobolds
  6 kobold skeletons (D:8)
  4 kobold zombies (D:8)
  A leopard gecko skeleton (D:7)
  A quokka skeleton (D:5)
  A quokka zombie (D:6)
  16 rats
  4 bushes (D:8)
238 creatures vanquished.

Vanquished Creatures (collateral kills)
  2 hydras (Lair:1)
  A black mamba (Lair:1)
  A spiny frog (Lair:1)
  A kobold demonologist (D:8)
  A yak (Lair:1)
  A nameless horror (D:8)
  Eustachio (D:4)
  A water moccasin (Lair:1)
  A porcupine (Lair:1)
  A sky beast (D:4)
  A centaur (D:8)
  A necrophage (D:6)
  3 big kobolds (D:8)
  3 bullfrogs
  2 scorpions (D:6)
  A water moccasin zombie (D:7)
  A howler monkey (D:8)
  3 wights (D:8)
  An orc priest (D:5)
  2 jellies (D:7)
  An orc wizard (D:7)
  A centaur skeleton (D:4)
  A worker ant (D:7)
  7 gnolls
  5 adders
  A shadow imp (D:8)
  2 ufetubi (Gauntlet)
  A worm (D:2)
  2 leopard geckos (D:4)
  3 orcs
  3 ball pythons (Sewer)
  A giant cockroach (D:4)
  A hobgoblin (D:3)
  A jackal (D:2)
  A quokka (D:6)
  A frilled lizard (Sewer)
  5 kobold skeletons (D:8)
  3 kobold zombies (D:8)
  A leopard gecko skeleton (D:4)
  A quokka skeleton (D:5)
  A quokka zombie (D:8)
  15 rats (Sewer)
  3 bushes (D:8)
90 creatures vanquished.

Vanquished Creatures (others)
  8 hexers
  4 ancestors
12 creatures vanquished.

Grand Total: 340 creatures vanquished

Notes
Turn   | Place    | Note
-------+----------+-------------------------------------------
     0 | D:1      | vertexvortex the Human Ice Elementalist began the quest for
                  | the Orb.
     0 | D:1      | Reached XP level 1. HP: 13/13 MP: 3/3
   132 | D:1      | Reached XP level 2. HP: 20/20 MP: 3/5
   653 | D:1      | Reached XP level 3. HP: 25/25 MP: 3/6
   662 | D:1      | Reached skill level 1 in Fighting
   812 | D:1      | Learned a level 3 spell: Frozen Ramparts
  1550 | D:1      | Reached skill level 5 in Ice Magic
  1784 | D:2      | Reached XP level 4. HP: 32/32 MP: 2/7
  1896 | D:2      | Found a hazy altar of Hepliaklqana.
  1954 | D:2      | Became a worshipper of Hepliaklqana the Forgotten
  2369 | D:2      | Reached XP level 5. HP: 29/33 MP: 4/8
  2778 | D:2      | Learned a level 4 spell: Summon Ice Beast
  2944 | D:4      | Reached skill level 1 in Invocations
  2947 | D:4      | Reached XP level 6. HP: 10/41 MP: 4/9
  3258 | D:4      | Noticed an ogre
  3270 | D:4      | Killed an ogre
  3270 | D:4      | Reached XP level 7. HP: 20/46 MP: 7/10
  3285 | D:4      | Noticed Eustachio
  3300 | D:4      | Found a glowing drain.
  3304 | Sewer    | Entered a sewer
  3891 | D:4      | Reached skill level 1 in Summonings
  3891 | D:4      | Reached XP level 8. HP: 45/54 MP: 7/11
  3908 | D:4      | Killed Eustachio
  3908 | D:4      | Reached skill level 5 in Fighting
  4192 | D:4      | Reached * piety under Hepliaklqana
  4879 | D:5      | Entered Level 5 of the Dungeon
  5242 | D:5      | Found a blossoming altar of Fedhas.
  5862 | D:5      | Found a glowing silver altar of Zin.
  5902 | D:6      | Found a staircase to the Ecumenical Temple.
  5977 | D:6      | Reached XP level 9. HP: 49/63 MP: 12/12
  6172 | D:6      | Got a scorched hunting sling
  6173 | D:6      | Identified the +5 hunting sling of Xitonog {vorpal, Int+4}
                  | (You found it on level 6 of the Dungeon)
  6229 | D:6      | Reached ** piety under Hepliaklqana
  6231 | D:6      | Remembered your ancestor Tesla as a hexer
  6287 | D:6      | Reached skill level 1 in Slings
  6315 | D:6      | Reached skill level 2 in Slings
  6354 | D:6      | Reached skill level 1 in Shields
  6700 | D:7      | Reached skill level 3 in Slings
  6903 | D:7      | Reached skill level 4 in Slings
  6988 | D:7      | Reached skill level 5 in Slings
  7364 | D:8      | Found a basalt altar of Yredelemnul.
  7482 | D:8      | Reached skill level 6 in Slings
  7482 | D:8      | Reached XP level 10. HP: 69/69 MP: 9/13
  7516 | D:8      | Learned a level 4 spell: Iskenderun's Mystic Blast
  7593 | D:8      | Noticed a kobold demonologist
  7607 | D:8      | Noticed an orange demon
  7610 | D:8      | Killed a kobold demonologist
  7610 | D:8      | Reached skill level 7 in Slings
  7610 | D:8      | Reached skill level 1 in Conjurations
  7610 | D:8      | Reached skill level 1 in Translocations
  7691 | D:8      | HP: 1/71 [centaur (8)]
  7925 | D:8      | Found an ancient bone altar of Kikubaaqudgha.
  8259 | D:8      | Found a blossoming altar of Fedhas.
  8648 | D:8      | Found a staircase to the Lair.
  8672 | D:8      | Reached *** piety under Hepliaklqana
  9144 | Lair:1   | Entered Level 1 of the Lair of Beasts
  9151 | Lair:1   | Noticed a four-headed hydra
  9152 | Lair:1   | Noticed a black mamba
  9159 | Lair:1   | Killed a four-headed hydra
  9164 | Lair:1   | Killed a black mamba
  9164 | Lair:1   | Reached skill level 8 in Slings
  9223 | Lair:1   | Noticed a spiny frog
  9229 | Lair:1   | Killed a spiny frog
  9484 | Lair:1   | Noticed a spiny frog
  9493 | Lair:1   | Killed a spiny frog
  9493 | Lair:1   | Reached XP level 11. HP: 76/76 MP: 14/14
  9802 | Lair:1   | Reached skill level 9 in Slings
  9910 | Lair:1   | Noticed a five-headed hydra
  9922 | Lair:1   | Killed a five-headed hydra
 10371 | Lair:1   | Identified a scroll of acquirement
 10372 | Lair:1   | Got the ring of Pugigusi {Ice *Corrode Str-3 Int+8 SInv}
 10422 | Lair:1   | Gained mutation: You are frail. (-10% HP) [potion of
                  | mutation]
 10422 | Lair:1   | Gained mutation: Armour fits poorly on your strangely
                  | shaped body. [potion of mutation]
 10422 | Lair:1   | Gained mutation: You have sharp fingernails. [potion of
                  | mutation]
 10610 | Lair:2   | Found a gate leading to a gauntlet.
 10691 | Gauntlet | Entered a Gauntlet
 10691 | Gauntlet | Found a transporter.
 10764 | Gauntlet | Found a transporter.
 10768 | Gauntlet | Found a transporter.
 10774 | Gauntlet | Noticed a sixfirhy
 10776 | Gauntlet | Found a transporter.
 10780 | Gauntlet | Found a transporter.
 10789 | Gauntlet | Found a transporter.
 10792 | Gauntlet | Found a transporter.
 10799 | Gauntlet | Noticed a ghost crab
 10800 | Gauntlet | Found a transporter.
 10804 | Gauntlet | Found a transporter.
 10813 | Gauntlet | Found a transporter.
 10837 | Gauntlet | Found a transporter.
 10849 | Gauntlet | Found a transporter.
 10861 | Gauntlet | Found a transporter.
 10874 | Gauntlet | Found a transporter.
 11096 | Gauntlet | Killed a sixfirhy
 11486 | Gauntlet | Got an ancient lapis lazuli ring
 11644 | Gauntlet | Identified the ring "Putheh" {rF+ Slay+3} (You found it in
                  | a Gauntlet)
 11708 | Gauntlet | Got a transparent lapis lazuli ring
 11728 | Gauntlet | HP: 2/103 [ghost crab] (10)]
 11730 | Gauntlet | Engulfed by a ghost crab's spectral mist

Illustrated notes

Levels and vault maps discovered:
D:1:      onia_arrival_handbag, layout_basic, minmay_unequal
D:2:      layout_loops_ring, overflow_temple_1_default
D:3:      layout_rooms, lemuel_blue_sif_altar, nicolae_qazlal_style_of_elements,
          uniq_grinder
D:4:      layout_basic, first_ration, gup_sewer_entry_bowl, uniq_eustachio
D:5:      layout_basic, zin_scriptorium, basic_altar
D:6:      layout_rooms, minmay_temple_entry_trees, minivault_4
D:7:      layout_rooms
D:8:      wander_kiku_kobolds, layout_basic, old_standard_altar,
          fedhas_bush_and_centaur_altar, lair_entry_dummy
D:9:      layout_roguey, eat_drink_and_be_merry_uskayaw,
          hangedman_little_slice_of_home, uniq_maurice
Lair:1:   layout_layer_cave
Lair:2:   layout_regular_city, gauntlet_entry_generic, minmay_lindwurm_lava,
          grunt_megastairs_2
Gauntlet: gammafunk_gauntlet_77_escape_option
          [minmay_gauntlet_arena_77_radiant_squares,
          minmay_gauntlet_arena_77_broken_ladder,
          minmay_gauntlet_arena_77_checkered, minmay_gauntlet_arena_77_braids,
          minmay_gauntlet_arena_77_mess, nicolae_gauntlet_exit_dead_adventurers]

Skill      XL: |  1  2  3  4  5  6  7  8  9 10 11 |
---------------+----------------------------------+-----
Fighting       | 1 2 3 4 6 7 8 |  8.4
Ice Magic      | 5 |  5.7
Invocations    | 1 3 4 |  4.1
Stealth        | 3 4 |  4.9
Summonings     | 1 3 4 |  4.6
Slings         | 6 8 9 |  9.8
Shields        | 2 3 4 |  4.8
Conjurations   | 3 4 |  4.2
Translocations | 3 4 |  4.2
Long Blades    | |  0.6
Axes           | |  0.9
Dodging        | |  2.0
Spellcasting   | |  2.0

Action                   |  1- 3 |  4- 6 |  7- 9 | 10-12 || total
-------------------------+-------+-------+-------+-------++-------
Melee: Unarmed           |    10 |       |       |       ||    10
       Club              |    16 |       |       |       ||    16
       Short sword       |     1 |    22 |       |       ||    23
       Dagger            |       |    23 |    77 |       ||   100
       War axe           |       |       |    15 |   107 ||   122
       Demon blade       |       |       |       |    20 ||    20
 Fire: Hunting sling     |       |       |   109 |   119 ||   228
Throw: Stone             |       |     1 |     2 |       ||     3
 Cast: Freeze            |    43 |     7 |    29 |     8 ||    87
       Frozen Ramparts   |     3 |    18 |    31 |    19 ||    71
       Summon Ice Beast  |       |       |       |    27 ||    27
Invok: Ancestor Identity |       |     1 |       |       ||     1
       Ancestor Life: He |       |       |     1 |       ||     1
  Use: Potion            |       |     2 |     1 |    14 ||    17
       Scroll            |       |       |     8 |     9 ||    17
 Stab: Sleeping          |     3 |     4 |     6 |       ||    13
  Eat: Chunk             |     4 |     6 |    18 |     8 ||    36
       Ration            |       |       |       |     4 ||     4
Armor: Robe              |     9 |     7 |    38 |    18 ||    72
       Skin              |       |       |       |    15 ||    15
Dodge: Dodged            |    49 |    41 |   111 |    37 ||   238
Block: Buckler           |       |       |     4 |    23 ||    27
       Rpst.: Demon blade |       |       |       |     3 ||     3
